 Dungeon Crawl Stone Soup version 0.22-a0-571-g4a923d4 (webtiles) character file.

38100 Mamutox the Covert (level 13, -3/65 HPs)
             Began as a Spriggan Enchanter on July 1, 2018.
             Was an Initiate of Gozag.
             Slain by a 13-headed hydra (15 damage)
             ... on level 5 of the Lair of Beasts.
             The game lasted 02:02:48 (20569 turns).

Mamutox the Covert (Spriggan Enchanter)            Turns: 20569, Time: 02:02:49

Health: -3/65      AC:  4    Str:  4    XL:     13   Next: 62%
Magic:  29/29      EV: 29    Int: 21    God:    Gozag
Gold:   3436       SH:  0    Dex: 17    Spells: 21/35 levels left

rFire    x . .     SeeInvis +   N - +4 rapier of the Dragonfly {vamp, rElec MR++ Stlth-}
rCold    + + .     Gourm    .   (shield restricted)
rNeg     . . .     Faith    .   k - +1 robe {rC+}
rPois    .         Spirit   .   W - +1 hat
rElec    +         Reflect  .   (no cloak)
rCorr    .         Harm     .   (gloves unavailable)
MR       +++++                  (boots unavailable)
Stlth    +++++.....             w - amulet of magic regeneration
HPRegen  0.20/turn              Z - ring of ice
MPRegen  0.46/turn              S - ring of protection from magic

@: gold aura, very quick
A: very small, unfitting armour, see invisible, herbivore, speed 3, slow
metabolism 2
a: Potion Petition, Call Merchant, Bribe Branch, Renounce Religion


You were on level 5 of the Lair of Beasts.
You worshipped Gozag.
Gozag was most pleased with you.
You were not hungry.

You visited 3 branches of the dungeon, and saw 15 of its levels.
You also visited: Labyrinth, Sewer and Volcano.

You collected 3543 gold pieces.
You paid 107 gold pieces to Gozag.

Inventory:

Hand Weapons
 b - a +3 dagger of chaos
 G - a +0 blowgun
 N - the +4 rapier of the Dragonfly (weapon) {vamp, rElec MR++ Stlth-}
   (You took it off an orc on level 9 of the Dungeon)

   It inflicts no extra harm, but heals its wielder when it wounds a living foe.
   It insulates you from electricity.
   It affects your resistance to hostile enchantments.
   It makes you less stealthy.
Missiles
 q - 34 poisoned needles
 D - 7 needles of sleeping
 R - 4 needles of confusion
Armour
 k - a +1 robe of cold resistance (worn)
 M - a +2 robe
 W - a +1 hat (worn)
Jewellery
 w - an amulet of magic regeneration (around neck)
 y - an uncursed ring of positive energy
 A - an uncursed ring of protection from fire
 B - a +3 ring of intelligence
 S - a ring of protection from magic (right hand)
 U - an uncursed ring of resist corrosion
 Z - a ring of ice (left hand)
Wands
 h - a wand of acid (7)
 i - a wand of iceblast (35)
 n - a wand of paralysis (11)
 v - a wand of enslavement (19)
 E - a wand of polymorph (21)
 K - a wand of random effects (52)
Scrolls
 c - 5 scrolls of amnesia
 g - 13 scrolls of remove curse
 l - a scroll of fog
 m - 2 scrolls of identify
 o - 3 scrolls of fear {unknown}
 s - a scroll of enchant weapon
 x - a scroll of blinking {unknown}
 H - a scroll of torment {unknown}
 I - 6 scrolls of enchant armour
 L - a scroll of magic mapping {unknown}
 T - 4 scrolls of teleportation
 V - a scroll of random uselessness {unknown}
Potions
 e - 4 potions of cancellation
 f - 4 potions of haste
 j - a potion of might
 p - 2 potions of invisibility
 r - 2 potions of agility
 t - a potion of magic
 z - 2 potions of brilliance
 C - 3 potions of mutation
 F - 2 potions of heal wounds
 J - a potion of lignification
 Q - 2 potions of resistance
 X - 2 potions of berserk rage
 Y - 2 potions of curing
Miscellaneous
 a - a phial of floods
 u - a crystal ball of energy
Comestibles
 d - 17 rations


   Skills:
 + Level 6.5 Fighting
 + Level 10.6 Short Blades
 + Level 13.4 Dodging
 * Level 13.5 Stealth
 + Level 11.7 Spellcasting
 - Level 3.0 Conjurations
 + Level 11.9 Hexes
 - Level 1.0 Summonings
 - Level 1.0 Necromancy
 - Level 1.0 Ice Magic
 - Level 8.5 Evocations


You had 21 spell levels left.
You knew the following spells:

 Your Spells              Type           Power        Failure   Level  Hunger
a - Summon Small Mammal   Summ           ###.         3%          1    None
b - Tukima's Dance        Hex            ######..     1%          3    None
c - Confuse               Hex            ######..     1%          3    None
d - Shock                 Conj/Air       ###.         3%          1    None
s - Animate Skeleton      Necr           N/A          3%          1    None
v - Dazzling Spray        Conj/Hex       #####.       1%          3    None
x - Ensorcelled Hibernat  Hex/Ice        ######       1%          2    None

Your spell library contained the following spells:

 Spells                   Type           Power        Failure   Level  Hunger
 Apportation              Tloc           ##....       5%          1    None
 Lightning Bolt           Conj/Air       ###.......   63%         5    ####...
 Swiftness                Chrm/Air       ##......     9%          2    None
 Airstrike                Air            ##........   47%         4    #......
 Confusing Touch          Hex            ######       1%          1    None
 Metabolic Englaciation   Hex/Ice        ######....   11%         5    ####...
 Static Discharge         Conj/Air       ###.....     9%          3    None
 Corona                   Hex            ######.      1%          1    None
 Petrify                  Tmut/Erth      ##......     47%         4    #......
 Gell's Gravitas          Tloc           ##........   16%         3    None
 Yara's Violent Unravell  Hex/Tmut       #####.....   13%         5    ####...


Dungeon Overview and Level Annotations

Branches:
Dungeon (9/15)             Temple (1/1) D:6            Lair (5/6) D:9
  Swamp (0/4) Lair:4       Spider (0/4) Lair:2        Slime (0/5) Lair:5
    Orc: D:9-12

Altars:
Ashenzari
Cheibriados
Dithmenos
Elyvilon
Fedhas
Gozag
Hepliaklqana
Kikubaaqudgha
Makhleb
Nemelex Xobeh
Okawaru
Qazlal
Ru
Sif Muna
Trog
Uskayaw
Vehumet
Wu Jian
Xom
Yredelemnul
Zin
The Shining One

Annotations:
Lair:4 exclusion: 3 oklob plants
Lair:5 Xaadasoba's ghost, journeyman MiBe


Innate Abilities, Weirdness & Mutations

You are very small and have problems with some larger weapons.
You are too small for most types of armour.
You have supernaturally acute eyesight. (SInv)
You are a herbivore.
You cover ground extremely quickly.
You need to consume almost no food.


Message History

You now have 3436 gold pieces (gained 21).
There is a stone staircase leading down here.
You climb downwards.
Level annotation: Xaadasoba's ghost, journeyman MiBe The 13-headed hydra completely misses you.
The 13-headed hydra misses you. x2; The 13-headed hydra bites you.
The 13-headed hydra completely misses you.
The 13-headed hydra closely misses you. The 13-headed hydra bites you!
The 13-headed hydra misses you. The 13-headed hydra bites you!
The 13-headed hydra completely misses you. x2
The 13-headed hydra misses you. The 13-headed hydra bites you.
The yak gores you. The death yak barely misses you.
The 13-headed hydra bites you!
* * * LOW HITPOINT WARNING * * *
The 13-headed hydra completely misses you. x3
The 13-headed hydra barely misses you. The 13-headed hydra closely misses you.
The 13-headed hydra completely misses you.
The 13-headed hydra bites you!
You die...
Your body crumbles into a pile of gold.

#.................
##......<..........
#P...............≈.
##............≈≈≈≈≈
#...............≈≈≈
##.............≈≈≈.
#...............P.P
##.DY...............
#PY@....$.........##
###..........Y..#...
##.......Y.........
#........Y...Y..#..
#P......#P.#.....#.
#....####P.##Y.....
##.....#....YY.Y...
#....#.............
##........P......DY


You could see 3 death yaks, a 13-headed hydra and a yak.

Vanquished Creatures
  A stone giant (Volcano)
  Nessos (Lair:5)
  Josephine (Lair:5)
  Harold (Lair:3)
  3 hydras
  Fannar (Lair:3)
  6 two-headed ogres (D:9)
  2 death yaks (Lair:4)
  15 elephants (Lair:5)
  Psyche (D:9)
  2 molten gargoyles (Volcano)
  A black mamba (Lair:4)
  4 spiny frogs
  5 gargoyles
  3 komodo dragons
  An efreet (Volcano)
  2 rime drakes
  2 minotaur skeletons (Lab)
  A troll (D:9)
  5 blink frogs
  3 hippogriffs
  4 redbacks (Lab)
  2 shadows (Lab)
  2 wyverns (D:9)
  Sigmund (D:2)
  2 basilisks (Lab)
  Eustachio (D:4)
  3 wraiths
  20 yaks
  A fire elemental (Volcano)
  5 hungry ghosts (Lab)
  13 water moccasins
  5 porcupines
  Purgy (Sewer)
  6 orc warriors
  A sky beast (D:7)
  An eye of draining (D:7)
  2 black bears
  7 ogres
  A centaur (D:8)
  A phantom (D:7)
  2 necrophages
  15 wolves
  5 crocodiles
  15 bullfrogs
  2 earth elementals
  5 scorpions
  3 killer bees (D:9)
  8 howler monkeys
  4 lava snakes (Volcano)
  6 crimson imps
  3 jellies
  2 bullfrog skeletons
  3 hounds
  A quasit (D:9)
  6 orc priests
  A centaur skeleton (Lab)
  An iguana (D:9)
  4 orc wizards
  8 worker ants
  A hound skeleton (D:9)
  8 adders
  3 gnolls (D:6)
  A shadow imp (D:5)
  5 oozes (Lair:5)
  An adder zombie (D:7)
  An adder skeleton (D:7)
  4 worms
  A dart slug (D:1)
  6 leopard geckos
  32 orcs
  11 giant cockroaches
  6 hobgoblins
  7 jackals
  11 kobolds
  3 quokkas
  3 ball pythons
  12 bats
  4 frilled lizards
  14 goblins
  2 leopard gecko skeletons
  8 rats
378 creatures vanquished.

Vanquished Creatures (others)
  A dancing weapon (Lab)
  A yak (Lair:5)
  3 wraiths (Lair:5)
  A fungus (Lair:5)
  9 plants
15 creatures vanquished.

Grand Total: 393 creatures vanquished

Notes
Turn   | Place    | Note
-------+----------+-------------------------------------------
     0 | D:1      | Mamutox the Spriggan Enchanter began the quest for the Orb.
     0 | D:1      | Reached XP level 1. HP: 9/9 MP: 5/5
   521 | D:1      | Reached XP level 2. HP: 8/13 MP: 7/7
   525 | D:1      | Learned a level 2 spell: Ensorcelled Hibernation
  1150 | D:1      | Reached skill level 1 in Ice Magic
  1155 | D:1      | Reached XP level 3. HP: 16/16 MP: 5/8
  1165 | D:1      | Learned a level 3 spell: Confuse
  1258 | D:2      | Noticed Sigmund
  1381 | D:2      | Killed Sigmund
  1381 | D:2      | Reached skill level 5 in Stealth
  1381 | D:2      | Reached XP level 4. HP: 21/21 MP: 7/11
  1381 | D:2      | Reached XP level 5. HP: 24/24 MP: 7/12
  2388 | D:3      | Reached skill level 5 in Hexes
  3027 | D:3      | Reached XP level 6. HP: 28/28 MP: 10/13
  4304 | D:4      | Reached skill level 5 in Dodging
  4333 | D:4      | Noticed Eustachio
  4338 | D:4      | Reached XP level 7. HP: 32/32 MP: 12/15
  4446 | D:4      | Killed Eustachio
  4446 | D:4      | Reached skill level 1 in Fighting
  4446 | D:4      | Reached skill level 5 in Spellcasting
  4461 | D:4      | Found a hide-covered altar of Uskayaw.
  4481 | D:4      | Learned a level 3 spell: Dazzling Spray
  4485 | D:4      | Learned a level 3 spell: Tukima's Dance
  4897 | D:5      | Entered Level 5 of the Dungeon
  5221 | D:5      | Got an ancient quarterstaff
  5320 | D:5      | Found a glowing drain.
  5348 | Sewer    | Entered a sewer
  5611 | Sewer    | Noticed Purgy
  5619 | Sewer    | Killed Purgy
  5890 | D:5      | Reached XP level 8. HP: 38/38 MP: 17/17
  6106 | D:6      | Found a staircase to the Ecumenical Temple.
  6238 | Temple   | Entered the Ecumenical Temple
  6303 | Temple   | Became a worshipper of Gozag Ym Sagoz the Greedy
  6462 | D:6      | Reached skill level 1 in Evocations
  6579 | D:6      | Reached skill level 1 in Conjurations
  7501 | D:7      | Found a blossoming altar of Fedhas.
  7973 | D:7      | Reached skill level 5 in Short Blades
  7973 | D:7      | Reached XP level 9. HP: 32/42 MP: 5/19
  8087 | D:7      | Found a bloodstained altar of Trog.
  8299 | D:7      | Reached skill level 5 in Evocations
  9640 | D:9      | Noticed a two-headed ogre
  9646 | D:9      | Noticed a two-headed ogre
  9653 | D:9      | Killed a two-headed ogre
  9653 | D:9      | Reached XP level 10. HP: 46/46 MP: 8/22
  9674 | D:9      | Killed a two-headed ogre
  9848 | D:8      | Reached skill level 10 in Stealth
 10062 | D:9      | Noticed Psyche
 10160 | D:9      | Noticed a two-headed ogre
 10212 | D:9      | Noticed a manticore
 10461 | D:9      | Killed a two-headed ogre
 10757 | D:9      | Got an iridescent rapier {vamp}
 10840 | D:9      | Identified the +4 rapier of the Dragonfly {vamp, rElec MR++ Stlth-} (You took it off an orc on level 9 of the Dungeon)
 10876 | D:9      | Noticed a two-headed ogre
 10897 | D:9      | Killed a two-headed ogre
 10997 | D:9      | Noticed a two-headed ogre
 11202 | D:9      | Killed a two-headed ogre
 11202 | D:9      | Reached XP level 11. HP: 52/52 MP: 12/24
 11307 | D:9      | Found a staircase to the Lair.
 11439 | D:9      | Noticed a two-headed ogre
 11477 | D:9      | Killed a two-headed ogre
 11533 | D:9      | Found a hazy altar of Hepliaklqana.
 11615 | D:9      | Killed Psyche
 11757 | D:9      | Found a glowing golden altar of the Shining One.
 11757 | D:9      | Found a deep blue altar of Sif Muna.
 11985 | Lair:1   | Entered Level 1 of the Lair of Beasts
 11993 | Lair:1   | Reached skill level 10 in Dodging
 13091 | Lair:2   | Found a hole to the Spider Nest.
 13101 | Lair:2   | Found a labyrinth entrance.
 13112 | Lab      | Entered a labyrinth
 13911 | Lab      | Learned a level 1 spell: Summon Small Mammal
 14189 | Lab      | Reached XP level 12. HP: 34/58 MP: 23/26
 14621 | Lab      | Noticed a minotaur
 14838 | Lab      | Learned a level 1 spell: Animate Skeleton
 14910 | Lab      | HP: 2/58 [poisoned by a minotaur]
 14918 | Lab      | HP: 2/58 [poisoned by a minotaur]
 15615 | Lab      | Reached skill level 10 in Hexes
 16467 | Lair:3   | Reached skill level 10 in Spellcasting
 16503 | Lair:3   | Found a dark tunnel.
 16512 | Volcano  | Entered a volcano
 16700 | Volcano  | Found a burning altar of Makhleb.
 16958 | Volcano  | Learned a level 1 spell: Shock
 16960 | Volcano  | Noticed a stone giant
 16989 | Volcano  | Killed a stone giant
 17186 | Lair:3   | Reached skill level 5 in Fighting
 17324 | Lair:3   | Noticed a five-headed hydra
 17371 | Lair:3   | Killed a five-headed hydra
 17466 | Lair:3   | Noticed Fannar
 17467 | Lair:3   | Noticed Harold
 17470 | Lair:3   | Killed Harold
 17501 | Lair:3   | Killed Fannar
 17502 | Lair:3   | Noticed an eight-headed hydra
 17509 | Lair:3   | Killed an eight-headed hydra
 17998 | Lair:4   | Found a staircase to the Swamp.
 18861 | Lair:5   | Noticed an eight-headed hydra
 18884 | Lair:5   | Killed an eight-headed hydra
 18969 | Lair:5   | Reached XP level 13. HP: 57/65 MP: 24/29
 18974 | Lair:5   | Reached skill level 10 in Short Blades
 19160 | Lair:5   | Noticed Nessos
 19384 | Lair:5   | Noticed Josephine
 19468 | Lair:5   | Reached skill level 1 in Summonings
 19470 | Lair:5   | Reached skill level 1 in Necromancy
 19532 | Lair:5   | Found a staircase to the Slime Pits.
 19736 | Lair:5   | Found a runed gate.
 19736 | Lair:5   | Found a runed gate.
 19736 | Lair:5   | Found a runed gate.
 20304 | Lair:5   | Noticed Xaadasoba's ghost (journeyman MiBe)
 20344 | Lair:5   | Killed Josephine
 20397 | Lair:5   | Killed Nessos
 20569 | Lair:5   | Slain by a 13-headed hydra

Vault maps used:
D:1:      lemuel_arrival_lava_pool
D:2:      uniq_sigmund
D:3:      first_ration, nrook_mini_vaults
D:4:      kennysheep_mini, uniq_eustachio
D:5:      cheibrodos_sewer_entry_bend
D:6:      minmay_temple_entry_steel_oval
D:7:      trog_eyes_of_draining, fedhas_altar_1
D:9:      minmay_the_grid_octo_triangle, lemuel_doored_altar,
          gammafunk_temple_overflow_wave, uniq_psyche
Temple:   compressed_dpeg_circular_temple
Lair:2:   spider_nest_entry_web_field, lab_entry_generic
Lair:3:   lightli_volcano_entry_magma_tube, portal_ice_cave_entry_pillars_1,
          uniq_harold, uniq_fannar
Lair:4:   swamp_mist_pool, minivault_19, minmay_lair_oklob_chamber
Lair:5:   beast_lair_carwin_large_4, nicolae_slime_entry_slimehenge,
          gammafunk_ghost_hydra_chop, uniq_nessos, uniq_josephine
Lab:      labyrinth_watery, nicolae_lab_big_swirl, nicolae_lab_swirl,
          nicolae_lab_plus, nicolae_lab_grate_2, lab_hedge, nicolae_lab_garden,
          nicolae_lab_checkerboard, nicolae_lab_do_over, lab_fountain,
          nicolae_lab_stuck, nicolae_lab_lava, labyrinth_skeletal_remains,
          nicolae_lab_blocks, labyrinth_fake_exit
Sewer:    sewer_the_crocodile
Volcano:  volcano_lake

Skill      XL: |  1  2  3  4  5  6  7  8  9 10 11 12 13 |
---------------+----------------------------------------+-----
Spellcasting   | 3 4 5 6 7 8 9 11 | 11.7
Hexes          | 4 5 6 7 8 9 11 | 11.9
Ice Magic      | 1 |  1.0
Short Blades   | 2 3 4 5 6 7 8 9 10 | 10.6
Dodging        | 4 5 6 7 8 9 11 12 13 | 13.4
Stealth        | 5 6 7 8 9 11 12 13 | 13.5
Fighting       | 1 3 4 5 6 |  6.5
Evocations     | 4 7 8 |  8.5
Conjurations   | 2 3 |  3.0
Summonings     | 1 |  1.0
Necromancy     | 1 |  1.0

Action                   |  1- 3 |  4- 6 |  7- 9 | 10-12 | 13-15 || total
-------------------------+-------+-------+-------+-------+-------++-------
Melee: Dagger            |    89 |   125 |   287 |    32 |       ||   533
       Rapier            |       |       |       |   307 |    86 ||   393
 Cast: Corona            |     5 |       |       |       |       ||     5
       Ensorcelled Hiber |    16 |    61 |    94 |   147 |    88 ||   406
       Confuse           |       |     4 |    26 |    59 |    15 ||   104
       Dazzling Spray    |       |       |    18 |    54 |    16 ||    88
       Summon Small Mamm |       |       |       |    21 |       ||    21
       Tukima's Dance    |       |       |       |     1 |       ||     1
 Abil: Evoke Flight      |       |     1 |       |       |       ||     1
Evoke: Wand              |       |       |       |     2 |       ||     2
  Use: Scroll            |       |     1 |     5 |    17 |       ||    23
       Potion            |       |       |       |     6 |       ||     6
 Stab: Sleeping          |    19 |    52 |    70 |    91 |    41 ||   273
       Confused          |       |     3 |    13 |    41 |     7 ||    64
       Invisible         |       |       |     1 |     7 |     4 ||    12
       Distracted        |       |       |       |     1 |       ||     1
  Eat: Ration            |       |     2 |     4 |     6 |     1 ||    13
Armor: Robe              |    17 |     6 |     8 |     8 |    10 ||    49
Dodge: Dodged            |    99 |    58 |   159 |   250 |   130 ||   696

Table legend:
 A = Spawn XP
 B = Non-spawn XP
 C = Spawn XP percentage of total XP
 D = Spawn monster count
 E = Non-spawn monster count
 F = Spawn count percentage of total count
 G = Total turns spent on level
                    A         B        C        D         E        F      G
               +---------+---------+-------+---------+---------+-------+---------
         Total |       0 |   54429 |   0.0 |       0 |     378 |   0.0 | 20569
               +---------+---------+-------+---------+---------+-------+---------
           D:1 |       0 |      44 |   0.0 |       0 |      27 |   0.0 |  1056
           D:2 |       0 |     300 |   0.0 |       0 |      23 |   0.0 |  1457
           D:3 |       0 |     105 |   0.0 |       0 |      33 |   0.0 |  1590
           D:4 |       0 |     546 |   0.0 |       0 |      12 |   0.0 |   794
           D:5 |       0 |     293 |   0.0 |       0 |      12 |   0.0 |   755
           D:6 |       0 |     373 |   0.0 |       0 |      14 |   0.0 |   766
           D:7 |       0 |    1342 |   0.0 |       0 |      29 |   0.0 |  1438
           D:8 |       0 |    1674 |   0.0 |       0 |      30 |   0.0 |  1812
           D:9 |       0 |    8745 |   0.0 |       0 |      45 |   0.0 |  1829
        Lair:1 |       0 |    3541 |   0.0 |       0 |      19 |   0.0 |   863
        Lair:2 |       0 |    1369 |   0.0 |       0 |       8 |   0.0 |   704
        Lair:3 |       0 |    7504 |   0.0 |       0 |      25 |   0.0 |   950
        Lair:4 |       0 |    3914 |   0.0 |       0 |      13 |   0.0 |  1303
        Lair:5 |       0 |   16018 |   0.0 |       0 |      50 |   0.0 |  1324
           Lab |       0 |    4953 |   0.0 |       0 |      21 |   0.0 |  2885
         Sewer |       0 |     146 |   0.0 |       0 |       6 |   0.0 |   423
       Volcano |       0 |    3562 |   0.0 |       0 |      11 |   0.0 |   544
               +---------+---------+-------+---------+---------+-------+---------
